 Dungeon Crawl Stone Soup version 0.18-a0-1637-g109f206 (webtiles) character file.

171 dohliylev the Sneak (level 5, -5/36 HPs)
             Began as a Vampire Enchanter on Mar 26, 2016.
             Slain by a worker ant (7 damage)
             ... on level 5 of the Dungeon.
             The game lasted 00:17:11 (3038 turns).

dohliylev the Sneak (Vampire Enchanter)             Turns: 3038, Time: 00:17:12

Health: -5/36      AC:  4    Str:  7    XL:     5   Next: 26%
Magic:  8/9        EV: 13    Int: 17    God:
Gold:   245        SH:  0    Dex: 16    Spells: 2 memorised, 6 levels left

rFire  . . .     SeeInvis +     a - +1 dagger
rCold  + + .     Gourm    .     b - +1 robe
rNeg   + + +     Faith    .     (no shield)
rPois  +         Spirit   .     n - +0 helmet
rElec  .         Dismiss  .     (no cloak)
rCorr  .         Reflect  .     (no gloves)
SustAt .         Harm     .     (no boots)
MR     .....                    (no amulet)
Stlth  ++++......               (no ring)
                                (no ring)

@: lethally poisoned (-5 -> -19), regenerating slowly, not resistant to hostile
enchantments, stealthy
A: fangs 3, see invisible, unbreathing
a: Bat Form


You were on level 5 of the Dungeon.
You were near bloodless.

You visited 1 branch of the dungeon, and saw 5 of its levels.

You collected 245 gold pieces.

Inventory:

Hand Weapons
 a - a +1 dagger (weapon)
 u - a +0 blowgun
Missiles
 w - 3 poisoned needles
Armour
 b - a +1 robe (worn)
 n - a +0 helmet (worn)
Jewellery
 x - a cursed ring of teleportation {unknown}
Scrolls
 e - a scroll of enchant armour {unknown}
 i - a scroll of identify {unknown}
 j - 2 scrolls of teleportation
 m - a scroll of noise {unknown}
 o - a scroll of immolation {unknown}
 q - a scroll of remove curse
 t - a scroll of fog {unknown}
Potions
 d - 25 potions of blood
 f - 4 potions of might {unknown}
 g - a potion of beneficial mutation {unknown}
 h - a potion of brilliance {unknown}
 k - a potion of degeneration {unknown}
 l - a potion of agility {unknown}
 p - a potion of lignification {unknown}
 r - a potion of ambrosia {unknown}
 s - a potion of heal wounds {unknown}
Books
 c - a book of Maledictions

   Spells                             Type                      Level
   a - Corona                         Hexes                        1
   b - Ensorcelled Hibernation        Hexes/Ice                    2
   c - Confuse                        Hexes                        3
   d - Tukima's Dance                 Hexes                        3
   e - Dazzling Spray                 Conjuration/Hexes            3
 v - a book of Maledictions

   Spells                             Type                      Level
   a - Corona                         Hexes                        1
   b - Ensorcelled Hibernation        Hexes/Ice                    2
   c - Confuse                        Hexes                        3
   d - Tukima's Dance                 Hexes                        3
   e - Dazzling Spray                 Conjuration/Hexes            3


   Skills:
 + Level 0.6 Fighting
 + Level 1.2 Short Blades
 + Level 2.8 Dodging
 * Level 6.7 Stealth
 + Level 2.7 Spellcasting
 + Level 5.5 Hexes
 + Level 1.0 Ice Magic


You had 6 spell levels left.
You knew the following spells:

 Your Spells              Type           Power        Failure   Level  Hunger
a - Corona                Hex            ###....      1%          1    #......
b - Ensorcelled Hibernat  Hex/Ice        ##....       10%         2    ##.....


Dungeon Overview and Level Annotations

Branches:
Dungeon (5/15)
 Temple: D:4-7

Altars:

Shops:
D:5 }

Annotations:
D:4 Pikaro's ghost, amateur OgWn; Pikel


Innate Abilities, Weirdness & Mutations

You heal slowly.
You have razor-sharp teeth.
You have supernaturally acute eyesight.
You can survive without breathing.


Message History

* * * LOW HITPOINT WARNING * * *
You are more poisoned.
The worker ant poisons you!
You hit the worker ant.
The worker ant is moderately wounded.
* * * LOW HITPOINT WARNING * * *
You feel sick. The worker ant closely misses you.
You hit the worker ant.
The worker ant is moderately wounded.
The worker ant misses you.
You hit the worker ant.
The worker ant is heavily wounded.
* * * LOW HITPOINT WARNING * * *
You feel sick. The worker ant closely misses you.
Unknown command.
Unknown command.
You hit the worker ant.
The worker ant is heavily wounded.
The worker ant bites you!
You die...

### #.. ##.## ... .# #.#
.# #@# .# #a# .## #a# ..
#.# ?#
##########.#####.####.#
#.##....<...#.........%..#
#......####.######..######
####.#.# #.# #..# #.#.#
#.# #..#


You could see 2 worker ants.

Vanquished Creatures
  A hound (D:4)
  An iguana (D:4)
  An orc wizard (D:3)
  3 adders
  2 oozes (D:3)
  A worm (D:3)
  3 giant geckos
  4 orcs (D:3)
  3 bats
  4 giant cockroaches
  4 hobgoblins
  4 giant newts
  2 goblins (D:1)
  7 kobolds
  13 rats
53 creatures vanquished.

Vanquished Creatures (others)
  4 toadstools (D:1)
4 creatures vanquished.

Grand Total: 57 creatures vanquished

Notes
Turn   | Place    | Note
--------------------------------------------------------------
     0 | D:1      | dohliylev the Vampire Enchanter began the quest for the Orb.
     0 | D:1      | Reached XP level 1. HP: 13/13 MP: 3/3
   395 | D:1      | Reached XP level 2. HP: 19/19 MP: 5/5
   472 | D:1      | Reached skill level 5 in Hexes
   931 | D:2      | Reached skill level 5 in Stealth
   936 | D:2      | Learned a level 2 spell: Ensorcelled Hibernation
  1114 | D:2      | Reached XP level 3. HP: 10/25 MP: 0/6
  1914 | D:3      | Reached XP level 4. HP: 31/31 MP: 1/7
  1983 | D:3      | Reached skill level 6 in Stealth
  2656 | D:4      | Noticed Pikaro's ghost (amateur OgWn)
  2694 | D:4      | Reached XP level 5. HP: 36/36 MP: 8/8
  2700 | D:4      | Reached skill level 1 in Ice Magic
  2713 | D:4      | Noticed a slave
  2733 | D:4      | Noticed Pikel
  2736 | D:4      | Noticed a slave
  2736 | D:4      | Noticed a slave
  2742 | D:4      | Noticed a slave
  2780 | D:4      | Noticed an ogre
  2986 | D:5      | Entered Level 5 of the Dungeon
  2987 | D:5      | Found Osyss's Gadget Shoppe.
  2993 | D:5      | Noticed a hippogriff
  3037 | D:5      | HP: 1/36 [poisoned by a worker ant]
  3038 | D:5      | Slain by a worker ant

Vault maps used:
D:1:      ldierk_water_garden
D:4:      first_bread, hangedman_decor_growths, uniq_pikel, uniq_edmund
D:5:      serial_shops, shop, shop, shop, shop

Skill      XL: |  1  2  3  4  5 |
---------------+----------------+-----
Hexes          | 5 |  5.5
Stealth        | 5 6 |  6.7
Ice Magic      | 1 |  1.0
Fighting       | |  0.6
Short Blades   | |  1.2
Dodging        | |  2.8
Spellcasting   | |  2.7

Action                   |  1- 3 |  4- 6 || total
-------------------------+-------+-------++-------
Melee: Dagger            |    86 |    70 ||   156
 Cast: Corona            |     5 |     5 ||    10
       Ensorcelled Hiber |    13 |    11 ||    24
 Abil: End Transformatio |       |     1 ||     1
       Bat Form          |       |     1 ||     1
  Use: Scroll            |     2 |       ||     2
 Stab: Sleeping          |    20 |     9 ||    29
       Distracted        |       |     1 ||     1
